 Dungeon Crawl Stone Soup version 0.19-a0-1861-g35def1e (webtiles) character file.

25 Alarkh the Caller (level 2, -3/19 HPs)
             Began as a Mummy Summoner on Oct 12, 2016.
             Slain by an adder (5 damage)
             ... on level 2 of the Dungeon.
             The game lasted 00:01:41 (974 turns).

Alarkh the Caller (Mummy Summoner)                   Turns: 974, Time: 00:01:43

Health: -3/19      AC:  2    Str: 11    XL:     2   Next: 82%
Magic:  0/5        EV: 12    Int: 14    God:
Gold:   24         SH:  0    Dex: 12    Spells: 1 memorised, 5 levels left

rFire  x . .     SeeInvis .     e - +0 hand axe
rCold  + . .     Gourm    .     a - +0 robe
rNeg   + + +     Faith    .     (no shield)
rPois  ∞         Spirit   .     (no helmet)
rElec  .         Dismiss  .     (no cloak)
rCorr  .         Reflect  .     (no gloves)
MR     .....     Harm     .     (no boots)
Stlth  ++........               (no amulet)
                                (no ring)
                                (no ring)

@: very slightly contaminated
A: no food or potions, fire vulnerability, cold resistance 1, negative energy
resistance 3, torment resistance, unbreathing
a: no special abilities


You were on level 2 of the Dungeon.
You were not hungry.

You visited 1 branch of the dungeon, and saw 2 of its levels.

You collected 24 gold pieces.

Inventory:

Hand Weapons
 e - a +0 hand axe (weapon)
Armour
 a - a +0 robe (worn)
Scrolls
 c - a scroll of remove curse {unknown}
 d - a scroll of identify {unknown}
Books
 b - a book of Callings

   Spells                             Type                      Level
   a - Summon Small Mammal            Summoning                    1
   b - Call Imp                       Summoning                    2
   c - Call Canine Familiar           Summoning                    3
   d - Summon Guardian Golem          Hexes/Summoning              3
   e - Summon Lightning Spire         Summoning/Air                4
   f - Summon Ice Beast               Ice/Summoning                4


   Skills:
 - Level 1.5 Dodging
 - Level 1.5 Stealth
 + Level 2.6 Spellcasting
 + Level 3.6 Summonings


You had 5 spell levels left.
You knew the following spells:

 Your Spells              Type           Power        Failure   Level  Hunger
a - Summon Small Mammal   Summ           ##..         6%          1    N/A

Dungeon Overview and Level Annotations

Branches:
Dungeon (2/15)

Altars:


Innate Abilities, Weirdness & Mutations

You do not eat or drink.
Your flesh is vulnerable to fire.
You are immune to poison.
Your flesh is cold resistant. (rC+)
You are immune to negative energy. (rN+++)
You are immune to unholy pain and torment.
You can survive without breathing.


Message History

Your quokka closely misses the adder.
The adder barely misses your quokka.
Casting: Summon Small Mammal
Confirm with . or Enter, or press ? or * to list all spells.
The adder closely misses you.
Unknown command.
You see here 2 fizzy inky potions.
The adder bites your rat.
Your rat dies!
Your rat's corpse disappears in a puff of smoke!
Your quokka barely misses the adder.
Things that are here:
a club; a hobgoblin corpse The adder barely misses you.
Casting: Summon Small Mammal
Confirm with . or Enter, or press ? or * to list all spells.
You miscast Summon Small Mammal.
You are very lightly contaminated with residual magic.
Shadowy shapes form in the air around you, then vanish.
The adder bites you.
You die...

#..#..### #........#
....r...# #........#
.....##b###........#
...#..#rS.........#
......#..###......#
.#.#..#...........#
.#..#.#..###..rrS.######
... .#.....!..#S##....#
.... .##########@##....#
#.##....## #...)<..<#
#....%.......#
.................#
##.##).............
.................##
....#####...........
.### #.........#.


You could see 2 adders and a friendly quokka.

Vanquished Creatures
  A dart slug (D:1)
  2 bats (D:1)
  2 goblins (D:2)
  3 hobgoblins
  A jackal (D:1)
  A frilled lizard (D:1)
  A rat (D:1)
11 creatures vanquished.

Vanquished Creatures (collateral kills)
  A dart slug (D:1)
  2 giant cockroaches (D:1)
  2 goblins (D:1)
  3 jackals (D:1)
  3 bats
  A frilled lizard (D:1)
12 creatures vanquished.

Grand Total: 23 creatures vanquished

Notes
Turn   | Place    | Note
-------+----------+-------------------------------------------
     0 | D:1      | Alarkh the Mummy Summoner began the quest for the Orb.
     0 | D:1      | Reached XP level 1. HP: 13/13 MP: 3/3
   363 | D:1      | Reached XP level 2. HP: 15/19 MP: 0/5
   974 | D:2      | Slain by an adder

Vault maps used:
D:1:      dpeg_arrival_simpleton_a, hangedman_decor_opposing,
          minmay_stone_trees_medium, minmay_misc_feat_cross
D:2:      okawaru_gym_becter

Action                   || total
-------------------------++-------
Melee: Unarmed           ||    21
       Hand axe          ||    53
 Cast: Summon Small Mamm ||    35
 Stab: Distracted        ||     2
       Sleeping          ||     1
Armor: Robe              ||    30
Dodge: Dodged            ||    75
